 Dungeon Crawl Stone Soup version 0.29.1-15-g9cfb28693d (webtiles) character file.

Game seed: 15802467276469883133

18153150 TittyCrusher the Grand Master (level 27, 291/291 HPs)
             Began as an Octopode Transmuter on Mar 4, 2023.
             Was the Champion of Cheibriados.
             Escaped with the Orb
             ... and 15 runes!
             The game lasted 06:24:49 (84580 turns).

TittyCrusher the Grand Master (OpTm)               Turns: 84580, Time: 06:24:50

Health: 291/291    AC: 40    Str: 44    XL:     27
Magic:  43/44      EV: 45    Int: 47    God:    Cheibriados [******]
Gold:   7831       SH: 27    Dex: 44    Spells: 18/70 levels left

rFire   + + .      SeeInvis +     - Unarmed
rCold   + + .      Faith    .   S - +5 kite shield {AC+3}
rNeg    + + +      Spirit   .   G - -2 hat of the Alchemist {rElec rPois rF+ rC+ rN+ Will+ rMut rCorr}
rPois   ∞          Reflect  .   L - amulet of regeneration
rElec   +          Harm     .   F - ring of Niefisad {rC++ rN++ AC+4 Str-2}
rCorr   +          Rampage  .   H - ring of Syndicalism {rF+ Dex+6 SInv Stlth+}
rMut    +                       o - +6 ring of dexterity
Will    +++++                   R - +6 ring of strength
Stlth   +++.......              q - ring "Xosa" {rPois rC- rCorr Str+8}
HPRegen 2.18/turn               M - +6 ring of strength
MPRegen 0.29/turn               c - ring "Uficvoyr" {Drain Will+ Int+6 SInv}
                                w - ring of Ceizy {Will+ Int+7 SInv}

@: statue-form, studying Translocations, very slow
A: slow and powerful, torment resistance 1, boosted hp, almost no armour,
amphibious, 8 rings, camouflage 2, (gelatinous body 1), (nimble swimmer 1),
tentacles, tentacle spike 2, (iridescent scales 1), low MP 1, mutation
resistance 1, regeneration 1, electricity resistance, weak 2
0: Orb of Zot
}: 15/15 runes: decaying, slimy, silver, golden, iron, obsidian, icy, bone,
abyssal, demonic, glowing, magical, fiery, dark, gossamer
a: End Transformation, Renounce Religion, Bend Time, Temporal Distortion,
Slouch, Step From Time


You escaped.
You worshipped Cheibriados.
Cheibriados was exalted by your worship.
You were a living statue of rough stone.
You visited 18 branches of the dungeon, and saw 87 of its levels.
You visited Pandemonium 2 times, and saw 15 of its levels.
You visited the Abyss 2 times.
You also visited: Ice Cave, Wizlab and Desolation.

You collected 12617 gold pieces.
You spent 4786 gold pieces at shops.

Inventory:

Missiles
 X - 5 throwing nets (quivered)
Armour
 G - the -2 hat of the Alchemist (worn) {rElec rPois rF+ rC+ rN+ Will+ rMut rCorr}
   (You found it on level 5 of the Pits of Slime)

   rF:        It protects you from fire.
   rC:        It protects you from cold.
   rElec:     It insulates you from electricity.
   rPois:     It protects you from poison.
   rN:        It protects you from negative energy.
   rCorr:     It protects you from acid and corrosion.
   rMut:      It protects you from mutation.
   Will:      It increases your willpower.
 S - a +5 kite shield of protection (worn)
Magical Staves
 b - a staff of earth
Jewellery
 c - the ring "Uficvoyr" (on tentacle) {Drain Will+ Int+6 SInv}
   (You found it in the Desolation of Salt)

   [ring of see invisible]

   Int:       It affects your intelligence (+6).
   SInv:      It lets you see invisible.
   Drain:     It drains your maximum health when unequipped.
   Will:      It increases your willpower.
 i - a ring of protection from fire
 o - a +6 ring of dexterity (on tentacle)
 q - the ring "Xosa" (on tentacle) {rPois rC- rCorr Str+8}
   (You acquired it on level 1 of the Depths)

   [ring of resist corrosion]

   Str:       It affects your strength (+8).
   rC:        It makes you vulnerable to cold.
   rPois:     It protects you from poison.
   rCorr:     It protects you from acid and corrosion.
 t - a ring of wizardry
 v - the ring of Fethi {+Blink rElec Int+6 Dex+2 SInv}
   (You found it on level 7 of Tartarus)

   [ring of intelligence]

   Int:       It affects your intelligence (+6).
   Dex:       It affects your dexterity (+2).
   rElec:     It insulates you from electricity.
   SInv:      It lets you see invisible.
   +Blink:    It lets you blink.
 w - the ring of Ceizy (on tentacle) {Will+ Int+7 SInv}
   (You found it on level 3 of the Elven Halls)

   [ring of willpower]

   Int:       It affects your intelligence (+7).
   SInv:      It lets you see invisible.
   Will:      It increases your willpower.
 F - the ring of Niefisad (left tentacle) {rC++ rN++ AC+4 Str-2}
   (You found it in the Desolation of Salt)

   [ring of protection]

   AC:        It affects your AC (+4).
   Str:       It affects your strength (-2).
   rC:        It greatly protects you from cold.
   rN:        It greatly protects you from negative energy.
 H - the ring of Syndicalism (right tentacle) {rF+ Dex+6 SInv Stlth+}
   (You found it in the Desolation of Salt)

   [ring of dexterity]

   Dex:       It affects your dexterity (+6).
   rF:        It protects you from fire.
   SInv:      It lets you see invisible.
   Stlth:     It makes you more stealthy.
 L - an amulet of regeneration (around mantle)
 M - a +6 ring of strength (on tentacle)
 O - a ring of flight
 R - a +6 ring of strength (on tentacle)
 U - an amulet of guardian spirit
Wands
 d - a wand of flame (72)
 m - a wand of mindburst (40)
 B - a wand of roots (48)
 C - a wand of digging (27)
 I - a wand of paralysis (57)
 V - a wand of light (37)
Scrolls
 e - 5 scrolls of blinking
 j - a scroll of magic mapping
 n - 11 scrolls of fear
 s - 8 scrolls of butterflies
 u - 13 scrolls of vulnerability
 x - 7 scrolls of poison
 y - 6 scrolls of silence
 E - 14 scrolls of teleportation
 K - 6 scrolls of torment
 N - 4 scrolls of summoning
 Z - 14 scrolls of immolation
Potions
 a - 9 potions of cancellation
 f - 7 potions of magic
 g - 9 potions of brilliance
 h - 2 potions of ambrosia
 k - 4 potions of invisibility
 p - 22 potions of flight
 r - 6 potions of mutation
 z - 13 potions of attraction
 D - 10 potions of resistance
 J - 25 potions of curing
 P - 15 potions of heal wounds
 Q - 7 potions of berserk rage
 T - 11 potions of lignification
 Y - 5 potions of might
Miscellaneous
 l - a condenser vane
 A - a tin of tremorstones (2/2)
 W - a lightning rod (4/4)


   Skills:
 O Level 27 Fighting
 + Level 19.6 Dodging
 - Level 11.1 Stealth
 - Level 22.3 Shields
 O Level 27 Unarmed Combat
 - Level 22.1 Spellcasting
 - Level 15.3 Necromancy
 - Level 8.7 Translocations
 - Level 16.4 Transmutations
 - Level 2.9 Ice Magic
 - Level 13.4 Air Magic
 - Level 22.1 Earth Magic
 - Level 4.0 Poison Magic
 - Level 15.0 Invocations


You had 18 spell levels left.
You knew the following spells:

 Your Spells              Type           Power      Damage    Failure   Level
a - Passwall              Tmut/Erth      100%       N/A       0%          2
b - Wereblood             Tmut           100%       N/A       0%          2
c - Lesser Beckoning      Tloc           94%        N/A       1%          3
d - Airstrike             Air            54%        2d(8-24)  0%          4
e - Sublimation of Blood  Necr           100%       N/A       0%          2
f - Frozen Ramparts       Ice            100%       1d16      1%          3
g - Statue Form           Tmut/Erth      83%        N/A       1%          6
h - Blink                 Tloc           100%       N/A       0%          2
i - Death Channel         Necr           57%        N/A       1%          6
j - Shatter               Erth           65%        3d48*     4%          9
k - Apportation           Tloc           100%       N/A       0%          1
l - Necromutation         Tmut/Necr      58%        N/A       3%          8
m - Passage of Golubria   Tloc           94%        N/A       1%          4

Your spell library contained the following spells:

 Spells                   Type           Power      Damage    Failure   Level
 Beastly Appendage        Tmut           100%       N/A       0%          1
 Necrotise                Necr           100%       1d9       0%          1
 Sandblast                Erth           100%       2d20      0%          1
 Poisonous Vapours        Pois/Air       100%       N/A       0%          2
 Stone Arrow              Conj/Erth      100%       3d13      0%          3
 Swiftness                Air            100%       N/A       0%          3
 Vampiric Draining        Necr           100%       2d13      0%          3
 Animate Dead             Necr           100%       N/A       0%          4
 Dispel Undead            Necr           100%       3d31      0%          4
 Petrify                  Tmut/Erth      100%       N/A       0%          4
 Blade Hands              Tmut           58%        N/A       0%          5
 Borgnjor's Vile Clutch   Necr/Erth      61%        N/A       0%          5
 Lee's Rapid Deconstruct  Erth           65%        3d31*     0%          5
 Foxfire                  Conj/Fire      100%       2x1d9     1%          1
 Freeze                   Ice            100%       1d11      1%          1
 Magic Dart               Conj           100%       1d8       1%          1
 Shock                    Conj/Air       100%       1d9       1%          1
 Summon Small Mammal      Summ           100%       N/A       1%          1
 Ensorcelled Hibernation  Hex/Ice        100%       N/A       1%          2
 Scorch                   Fire           100%       2d10      1%          2
 Searing Ray              Conj           100%       2d8       1%          2
 Static Discharge         Conj/Air       86%        3-14/arc  1%          2
 Call Canine Familiar     Summ           51%        N/A       1%          3
 Conjure Flame            Conj/Fire      51%        6-21      1%          3
 Dazzling Flash           Conj/Hex       100%       N/A       1%          3
 Gell's Gravitas          Tloc           94%        N/A       1%          3
 Ignite Poison            Fire/Tmut/Pois 86%        N/A       1%          3
 Inner Flame              Hex/Fire       51%        N/A       1%          3
 Mephitic Cloud           Conj/Pois/Air  82%        N/A       1%          3
 Ozocubu's Armour         Ice            68%        N/A       1%          3
 Portal Projectile        Hex/Tloc       100%       N/A       1%          3
 Spider Form              Tmut/Pois      99%        N/A       1%          3
 Summon Guardian Golem    Hex/Summ       51%        N/A       1%          3
 Teleport Other           Tloc           94%        N/A       1%          3
 Tukima's Dance           Hex            51%        N/A       1%          3
 Anguish                  Hex/Necr       45%        N/A       1%          4
 Corpse Rot               Necr/Pois/Air  100%       N/A       1%          4
 Hailstorm                Conj/Ice       60%        3d13      1%          4
 Ice Form                 Ice/Tmut       97%        N/A       1%          4
 Iskenderun's Mystic Bla  Conj/Tloc      75%        2d15      1%          4
 Leda's Liquefaction      Hex/Erth       51%        N/A       1%          4
 Summon Ice Beast         Ice/Summ       60%        N/A       1%          4
 Summon Lightning Spire   Summ/Air       86%        N/A       1%          4
 Agony                    Necr           100%       N/A       1%          5
 Alistair's Intoxication  Tmut/Pois      66%        N/A       1%          5
 Irradiate                Conj/Tmut      46%        3d27      1%          5
 Lightning Bolt           Conj/Air       43%        1d62      1%          5
 Manifold Assault         Tloc           94%        N/A       1%          5
 Silence                  Hex/Air        43%        N/A       1%          5
 Summon Forest            Summ/Tloc      37%        N/A       1%          5
 Yara's Violent Unravell  Hex/Tmut       46%        3d18      1%          5
 Dispersal                Tloc           47%        N/A       1%          6
 Iron Shot                Conj/Erth      51%        9d10      1%          6
 Simulacrum               Ice/Necr       47%        N/A       1%          6
 Dragon Form              Tmut           58%        N/A       1%          7
 Storm Form               Tmut/Air       56%        N/A       1%          7
 Flame Wave               Conj/Fire      51%        2d13      3%          4
 Fulminant Prism          Conj/Hex       25%        3d14      3%          4
 Sticky Flame             Conj/Fire      51%        2d7       3%          4
 Conjure Ball Lightning   Conj/Air       43%        3x3d15    3%          6
 Borgnjor's Revivificati  Necr           57%        N/A       4%          8
 Metabolic Englaciation   Hex/Ice        30%        N/A       6%          5
 Maxwell's Capacitive Co  Air            54%        ∞         10%         8
 Fireball                 Conj/Fire      25%        3d11      11%         5
 Iskenderun's Battlesphe  Conj           51%        2d10      11%         5
 Summon Mana Viper        Hex/Summ       51%        N/A       11%         5
 Haunt                    Necr/Summ      45%        N/A       14%         7
 Lehudib's Crystal Spear  Conj/Erth      51%        10d12     26%         8
 Malign Gateway           Summ/Tloc      37%        N/A       50%         7
 Starburst                Conj/Fire      25%        6d8       52%         6
 Summon Cactus Giant      Summ           25%        N/A       52%         6
 Disjunction              Tloc           47%        N/A       56%         8
 Death's Door             Necr           57%        N/A       56%         9
 Ozocubu's Refrigeration  Ice            34%        4d15      67%         7
 Enfeeble                 Hex            25%        N/A       97%         7
 Orb of Destruction       Conj           25%        9d9       97%         7
 Spellforged Servitor     Conj/Summ      25%        N/A       97%         7
 Summon Hydra             Summ           25%        N/A       97%         7
 Ignition                 Fire           25%        3d9       100%        8
 Summon Horrible Things   Summ           25%        N/A       100%        8
 Chain Lightning          Conj/Air       43%        3d57      100%        9
 Fire Storm               Conj/Fire      25%        8d7       100%        9
 Animate Armour           Summ/Erth      Unusable   N/A       N/A         4

Dungeon Overview and Level Annotations

Branches:
Dungeon (15/15)            Temple (1/1) D:4            Lair (5/5) D:9
  Swamp (4/4) Lair:3       Spider (4/4) Lair:2        Slime (5/5) Lair:5
    Orc (2/2) D:12            Elf (3/3) Orc:2        Vaults (5/5) D:14
  Crypt (3/3) Vaults:3       Tomb (3/3) Crypt:3      Depths (4/4) D:15
   Hell (visited)             Dis (7/7) Hell            Geh (7/7) Hell
    Coc (7/7) Hell            Tar (7/7) Hell            Zot (5/5) Depths:4
  IceCv (visited)          WizLab (visited)         Desolation (visited)

Altars:
Ashenzari
Cheibriados
Dithmenos
Elyvilon
Fedhas
Gozag
Hepliaklqana
Kikubaaqudgha
Makhleb
Nemelex Xobeh
Okawaru
Qazlal
Ru
Sif Muna
Trog
Vehumet
Wu Jian
Xom
Yredelemnul

Shops:
D:1 :?*[   D:5 (   D:8 [   D:12 *   Orc:1 !   Orc:2 [:[*   Elf:1 *(   Elf:3 :==
Vaults:1 (   Depths:2 [   Depths:3 [

Portals:
Hell: Depths:2 Depths:3 Depths:4
Abyss: Depths:3
Pandemonium: Depths:1 Depths:2
Ziggurat: Depths:4

Annotations:
D:1 Crazy Yiuf
Depths:1 1 exclusion
Geh:2 13 runed doors


Innate Abilities, Weirdness & Mutations

You are a living statue of rough stone.
Your actions are slow, but your melee attacks are powerful.
You are resistant to unholy torment.
Your maximum health is greatly increased.
You are immune to poison.
You cannot wear most types of armour.
You are amphibious.
You can wear up to eight rings at the same time.
Your skin blends seamlessly with your surroundings (Stealth++).
((Your rubbery body absorbs attacks. (AC +1, EV +1)))
((You are camouflaged when in or above water. (Stealth+)))
You have tentacles for arms and can constrict up to eight enemies at once.
One of your tentacles bears a nasty spike.
((You are partially covered in iridescent scales. (AC +2)))
Your magical capacity is low. (-10% MP)
You are somewhat resistant to further mutation.
Your natural rate of healing is unusually fast.
You are resistant to electric shocks. (rElec)
You are very weak. (Str -4)


Message History

Crazy Yiuf says, "You came back for me."
You block Crazy Yiuf's attack.
Crazy Yiuf says, "You found it!"
Crazy Yiuf completely misses you. x2
You block Crazy Yiuf's attack. x2
You block Crazy Yiuf's attack. Crazy Yiuf misses you.
You block Crazy Yiuf's attack. Crazy Yiuf completely misses you.
Crazy Yiuf says, "Get me out of this place."
You block Crazy Yiuf's attack. Crazy Yiuf closely misses you.
You block Crazy Yiuf's attack. x2
Crazy Yiuf attacks as you move away! You block Crazy Yiuf's attack. x3
You block Crazy Yiuf's attack. Crazy Yiuf hits you but does no damage.
You block Crazy Yiuf's attack. x2
A shadow demon comes into view.
There is a staircase leading out of the dungeon here.
Casting: Statue Form (safe; 1% risk of failure)
Confirm with . or Enter, or press ? or * to list all spells.
Aiming: Lesser Beckoning (safe; 1% risk of failure)
Press: ? - help, Shift-Dir - straight line, f - shadow demon
Aim: a shadow demon (100% to hit)
The shadow demon hurls suddenly forward!
You block Crazy Yiuf's attack.
Crazy Yiuf says, "Wait for me!"
You block Crazy Yiuf's attack.
You bludgeon the shadow demon! You grab the shadow demon.
You pierce the shadow demon.
You squeeze the shadow demon!!
The shadow demon is heavily wounded.
You constrict the shadow demon! You block Crazy Yiuf's attack.
You thrash the shadow demon!!!!
You kill the shadow demon!
Cheibriados appreciates the change of pace.
Crazy Yiuf says, "Wait for me!"
You block Crazy Yiuf's attack. x2
You block Crazy Yiuf's attack.
Crazy Yiuf says, "You came back for me."
You block Crazy Yiuf's attack.
Crazy Yiuf says, "Get me out of this place."
You block Crazy Yiuf's attack. You block Crazy Yiuf's attack.
You have escaped!

....'...# #..##...#.#
....###.# #...#...#.#
#######.# #....#..#.#
#...# #..8.#..#.#
#####.### #....#..#.#
......#####...##..#.#
#.........#..##...#.#
#.######..#..#..g.#.#
#.# #..#..'..8.'.#
..# ####..#....###
####### #..##...#
......# #...##..#
......# #....#..#
).....#####..8.#..#
#........##....#..#
#.######..#...##..#
#..#...#.....##...#


You could see Crazy Yiuf.

Vanquished Creatures
  Cerebov (Pan)
  Dissolution (Slime:4)
  Antaeus (Coc:7)
  Asmodeus (Geh:7)
  Ereshkigal (Tar:7)
  the Royal Jelly (Slime:5)
  the Serpent of Hell (Dis:7)
  Gloorx Vloq (Pan)
  Mnoleg (Pan)
  Dispater (Dis:7)
  4 orbs of fire
  6 ancient liches
  Mara (Vaults:4)
  9 dread liches
  A juggernaut (Dis:7)
  23 royal mummies
  Vv (Crypt:2)
  6 Killer Klowns
  Sojobo (Crypt:3)
  15 shard shrikes
  Josephina (Zot:4)
  Xtahua (Crypt:2)
  4 pandemonium lords (Pan)
  the Lernaean hydra (Swamp:4)
  Saint Roka (Vaults:4)
  3 curse toes
  7 caustic shrikes
  Geryon (Hell)
  11 golden dragons
  11 bone dragons
  8 profane servitors
  5 Brimstone Fiends
  7 iron giants
  20 Tzitzimimeh
  A Cloud Mage (WizLab)
  8 doom hounds
  11 Hell Sentinels
  Rupert (D:14)
  A hellephant (Hell)
  5 electric golems
  Mlioglotl (Swamp:4)
  16 Ice Fiends
  Zenata (Crypt:2)
  6 deep elf blademasters (Elf:3)
  20 tentacled monstrosities
  28 Orb Guardians
  A spectral shard shrike (Tar:1)
  8 searing wretches
  16 titans
  12 tainted leviathans
  9 liches
  2 walking frostbound tomes
  A walking divine tome (Depths:3)
  13 quicksilver dragons
  26 acid blobs
  7 death cobs
  17 Executioners (Pan)
  Murray (Depths:2)
  13 ancient champions
  Kirke (D:13)
  2 tentacled starspawn
  3 deep elf master archers (Elf:3)
  Agnes (Elf:1)
  16 sphinxes
  2 thorn hunters
  7 azure jellies (Slime:4)
  11 tengu reavers
  5 rockslimes
  11 shadow dragons
  11 draconian monks
  9 storm dragons
  Roxanne (Elf:2)
  The ghost of Ypsiuj the Thaumaturge, an adept GnSk of Makhleb (Swamp:2)
  2 revenants (Tomb:1)
  3 iron dragons
  A daeva (Abyss:2)
  8 draconian knights
  8 narguns
  16 fire giants
  Aizul (Elf:3)
  2 quicksilver elementals
  29 balrugs
  A juggernaut zombie (Hell)
  10 frost giants
  4 deep elf elementalists (Elf:3)
  7 emperor scorpions
  9 shard shrike simulacra
  4 imperial myrmidons (Desolation)
  Louise (Swamp:4)
  3 demonspawn corrupters (Pan)
  11 ghouls
  3 ghost moths
  13 cacodemons
  2 draconian scorchers
  4 deep elf sorcerers
  14 vault wardens
  14 draconian annihilators
  6 draconian stormcallers
  6 draconian shifters
  A caustic shrike zombie (Crypt:3)
  9 curse skulls
  A broodmother (Spider:1)
  4 spriggan defenders
  31 very ugly things
  2 demonspawn blood saints (Pan)
  18 ironbound preservers
  5 quicksilver oozes
  19 war gargoyles
  8 ironbound thunderhulks
  3 juggernaut skeletons
  17 stone giants
  10 green draconians
  22 elemental wellsprings
  27 putrid mouths
  20 reapers
  5 deep elf demonologists
  3 eleionomae
  10 lorocyprocas
  2 demonspawn black suns (Pan)
  30 yellow draconians
  7 vampire knights
  4 dire elephants
  19 purple draconians
  13 deep elf annihilators
  9 spark wasps
  12 wendigos
  9 red draconians
  A bennu (Tomb:3)
  16 black draconians
  13 white draconians
  Azrael (Elf:2)
  6 iron golems
  10 entropy weavers
  10 bunyips
  12 eidola
  15 ettins
  8 deep elf death magi
  18 mummy priests
  7 jiangshi
  5 crystal guardians
  10 green deaths (Pan)
  15 blizzard demons
  An ettin (shapeshifter) (Vaults:5)
  A quicksilver dragon zombie (Crypt:3)
  5 fire dragons
  A spectral golden dragon (Tar:1)
  14 yaktaur captains
  5 deep elf high priests
  13 great orbs of eyes
  6 ragged hierophants (Desolation)
  A merfolk impaler (Abyss:3)
  A great orb of eyes (shapeshifter) (Depths:4)
  Fannar (Orc:1)
  2 spectral spriggans
  A spriggan zombie (Tar:1)
  7 servants of whispers (Desolation)
  A shambling mangrove (Swamp:2)
  A quicksilver dragon skeleton (Crypt:1)
  A fenstrider witch zombie (Crypt:3)
  The ghost of safid the Frost Mage, a journeyman MfIE of Vehumet (D:10)
  7 boulder beetles
  2 hell beasts (Pan)
  15 ice dragons
  29 vault guards
  The ghost of a11behringer the Cleaver, a journeyman PaBe of Trog (D:9)
  2 rakshasas (Depths:2)
  5 peacekeepers
  8 caustic shrike simulacra
  5 ghost crabs
  19 hydras
  5 catoblepae
  8 juggernaut simulacra
  The ghost of promet the Spear-Bearer, a journeyman HuGl of Qazlal (Orc:2)
  An anaconda (shapeshifter) (Depths:3)
  19 centaur warriors
  3 jorogumos
  6 spriggan air magi
  8 radroaches
  22 two-headed ogres
  2 ice dragons (shapeshifter) (Depths:4)
  14 ironbound frosthearts
  A two-headed ogre (shapeshifter) (Vaults:1)
  10 salamander tyrants
  6 ogre magi
  5 death knights
  7 deep troll shamans
  31 dancing weapons
  5 stokers
  11 alligators
  45 death scarabs
  2 tengu warriors (D:15)
  10 deep troll earth magi
  3 spriggan skeletons
  6 vampire magi
  22 death yaks
  2 orc high priests
  7 spriggan berserkers
  2 titan zombies
  13 hell hogs
  8 shock serpents
  20 spriggans
  51 sun demons
  Urug (D:12)
  21 soul eaters
  Sonja (Lair:3)
  19 skeletal warriors
  13 deep elf knights
  16 sixfirhies
  33 hell knights
  4 crystal echidnas
  A wretched star (Abyss:2)
  A fire crab (D:11)
  31 shadow wraiths
  3 goliath frogs
  A titan skeleton (Pan)
  A salamander mystic (Depths:1)
  2 anaconda zombies
  6 pharaoh ants
  An entropy weaver zombie (Crypt:2)
  2 spriggan druids
  9 iron trolls
  A sun moth (Spider:2)
  9 shadow demons
  60 deep trolls
  13 flayed ghosts
  4 steelbarb worms
  3 spectral wolf spiders (Spider:4)
  2 spriggan simulacra
  12 swamp dragons
  2 death drakes (WizLab)
  4 quicksilver dragon simulacra
  12 orb spiders
  5 glowing orange brains
  11 necromancers
  An iron giant skeleton (Hell)
  6 kraken simulacra (Coc:1)
  8 wizards
  Pikel (D:5)
  3 bog bodies
  10 lindwurms
  26 phantasmal warriors
  19 ironbound convokers
  25 deep elf zephyrmancers
  8 deep elf archers
  7 shining eyes
  2 wolf spider zombies (Spider:4)
  28 deep elf pyromancers
  33 wolf spiders
  2 orc sorcerers
  3 orc knights
  An oklob plant (Zot:2)
  A worldbinder (Abyss:3)
  40 ugly things
  6 elephants (Lair:5)
  A shadow dragon skeleton (Hell)
  4 will-o-the-wisps
  2 spectral ice dragons (Tar:1)
  5 manticores
  A faun (shapeshifter) (Depths:2)
  A spectral centaur (Tar:1)
  27 moths of wrath
  5 centaur zombies
  A stone giant skeleton (Pan)
  7 black mambas
  A toenail golem (Pan)
  An ice statue (Hell)
  3 salamanders (Depths:1)
  4 cyclopes
  An iron dragon skeleton (Pan)
  A moth of wrath (shapeshifter) (Depths:4)
  A fire giant skeleton (Crypt:2)
  5 rust devils
  22 large abominations
  5 molten gargoyles (Geh:7)
  4 apocalypse crabs (WizLab)
  2 dire elephant zombies
  3 guardian serpents (Desolation)
  24 vault sentinels
  2 gargoyles
  4 titan simulacra
  12 orange demons
  3 unseen horrors
  2 eyes of devastation (Slime:5)
  7 cane toads
  5 torpor snails
  5 dire elephant skeletons
  An alligator snapping turtle skeleton (Crypt:1)
  21 hellions
  7 kobold demonologists
  A storm dragon simulacrum (Zot:4)
  36 smoke demons
  15 demonic crawlers
  A centaur skeleton (Crypt:2)
  A spectral naga (Tar:1)
  10 freezing wraiths
  3 anaconda simulacra
  A bunyip simulacrum (Coc:2)
  14 rime drakes
  12 tormentors
  A redback zombie (Spider:4)
  2 spectral redbacks (Spider:4)
  A shock serpent skeleton (Crypt:1)
  2 ice devils
  25 hellwings (Pan)
  7 komodo dragons
  35 yaktaurs
  2 iron giant simulacra
  7 efreet (Pan)
  An ancient zyme (Abyss:3)
  2 golden dragon simulacra
  A spectral two-headed ogre (Tar:1)
  A silent spectre (Tar:2)
  23 guardian mummies
  5 red devils
  3 spectral harpies
  10 trolls
  5 hydra zombies
  7 harpy zombies
  9 tyrant leeches
  A sea snake skeleton (Hell)
  6 blink frogs
  A bloated husk (Swamp:2)
  A meliai (Lair:2)
  6 spectral tarantellas (Spider:4)
  2 hydra skeletons
  22 polar bears
  23 hornets
  3 spectral jumping spiders (Spider:4)
  Grinder (D:4)
  109 slime creatures
  6 harpy skeletons
  4 iron dragon simulacra
  24 tarantellas
  4 raiju (Abyss:3)
  43 saltlings (Desolation)
  A jumping spider zombie (Spider:4)
  2 tarantella zombies (Spider:4)
  An ice dragon zombie (Tomb:2)
  A stone giant simulacrum (Coc:1)
  5 wind drakes (WizLab)
  A fire dragon zombie (Crypt:3)
  A culicivora zombie (Spider:4)
  4 small abominations
  A spectral black mamba (Tar:1)
  2 black mamba zombies
  32 jumping spiders
  A shadow (D:9)
  4 centaur simulacra
  3 draconian simulacra (Zot:4)
  9 air elementals
  6 dire elephant simulacra
  28 flying skulls
  11 wraiths
  An ettin skeleton (Tomb:1)
  7 vampires
  5 water elementals
  48 yaks
  21 culicivoras
  A slime creature zombie (Crypt:2)
  2 wyverns
  An alligator skeleton (Hell)
  14 ynoxinuls
  3 hogs (D:13)
  A tyrant leech zombie (Crypt:1)
  9 ushabtiu
  A wind drake skeleton (Crypt:1)
  A basilisk (Lair:2)
  A merfolk skeleton (Pan)
  5 fire elementals
  57 redbacks
  7 golden eyes
  15 vampire mosquitoes
  15 chaos spawn
  A steam dragon (D:7)
  A sea snake simulacrum (Hell)
  11 harpy simulacra
  14 neqoxecs
  13 swamp worms
  5 wargs
  2 acid dragons
  9 water moccasins
  A hydra simulacrum (Coc:1)
  A floating eye (shapeshifter) (Vaults:5)
  A water nymph skeleton (Crypt:1)
  9 hell hounds
  2 deep troll skeletons
  2 naga skeletons (Pan)
  6 floating eyes
  An ice beast (D:5)
  6 ettin simulacra
  A glowing shapeshifter skeleton (Crypt:2)
  24 orc warriors
  2 black bears (Lair:3)
  A manticore zombie (Crypt:1)
  15 swamp drakes
  A tengu (Spider:2)
  34 ogres
  10 centaurs
  18 boggarts
  10 wolves
  A phantom (D:4)
  3 lemures (D:5)
  39 kobold brigands
  2 elf zombies
  9 bullfrogs
  2 naga simulacra
  An earth elemental (Elf:2)
  A gnoll sergeant (D:13)
  15 necrophages
  A scorpion (D:6)
  A water moccasin zombie (D:4)
  4 wyvern skeletons (Crypt:3)
  4 wights (D:8)
  16 killer bees
  A polar bear skeleton (Crypt:1)
  A shapeshifter skeleton (Crypt:1)
  A raiju skeleton (Crypt:2)
  4 howler monkeys
  2 quasits (Orc:2)
  25 jellies
  2 hounds
  15 orc priests
  A gnoll bouda (D:6)
  An iron imp (Abyss:2)
  2 iguanas (D:5)
  A basilisk skeleton (Crypt:1)
  14 orc wizards
  36 mummies
  A hound skeleton (D:4)
  13 gnolls
  8 adders
  3 shadow imps
  2 white imps
  2 ufetubi
  2 adder zombies (D:4)
  A worm (D:2)
  A dart slug (D:3)
  77 orcs
  7 ball pythons
  7 bats
  5 endoplasms
  4 giant cockroaches
  10 goblins
  8 hobgoblins
  4 jackals (D:4)
  3 quokkas
  3 frilled lizards
  A jackal skeleton (Crypt:1)
  A jackal zombie (Crypt:2)
  26 kobolds
  7 rats
  A river rat skeleton (Crypt:2)
  A briar patch (Swamp:2)
  A creeping inferno (Geh:6)
  2 fire vortices
  8 foxfires
  A pillar of salt (Vaults:4)
  A plant (D:11)
  A starspawn tentacle (Abyss:3)
  4 tentacles (Coc:1)
  2 withered plants (Crypt:3)
3810 creatures vanquished.

Vanquished Creatures (others)
  2 eldritch tentacles
  A fire giant (Geh:7)
  2 shard shrike simulacra
  An alligator (Swamp:4)
  A spriggan simulacrum (Coc:7)
  2 quicksilver dragon simulacra
  A lindwurm (Vaults:2)
  A titan simulacrum (Coc:2)
  An iron giant simulacrum (Coc:5)
  An anaconda simulacrum (Coc:1)
  A golden dragon simulacrum (Coc:1)
  2 iron dragon simulacra (Coc:5)
  An air elemental (WizLab)
  A centaur simulacrum (Coc:1)
  2 dire elephant simulacra
  A ynoxinul (Pan)
  2 chaos spawn (Pan)
  3 harpy simulacra
  A hydra simulacrum (Coc:5)
  An ettin simulacrum (Coc:5)
  A human (D:10)
  A naga simulacrum (Coc:5)
  2 gnolls
  2 briar patches (Swamp:2)
  5 creeping infernos
  10 foxfires
  12 fungi
  8 pillars of salt (Vaults:4)
  39 plants
  6 starspawn tentacles
  26 tentacles (Coc:1)
  29 withered plants
169 creatures vanquished.

Grand Total: 3979 creatures vanquished

Notes
Turn   | Place    | Note
-------+----------+-------------------------------------------
     0 | D:1      | TittyCrusher the Octopode Transmuter began the quest for
                  | the Orb.
     0 | D:1      | Reached XP level 1. HP: 13/13 MP: 3/3
    79 | D:1      | Found Honickyl's Assorted Antiques.
   253 | D:1      | Found Quomm's Book Shoppe.
   333 | D:1      | Reached XP level 2. HP: 17/18 MP: 3/5
   351 | D:1      | Learned a level 2 spell: Wereblood
   433 | D:1      | Reached skill level 1 in Stealth
   457 | D:1      | Found Aptej's Magic Scroll Boutique.
   463 | D:1      | Bought a scroll of identify for 26 gold pieces
   482 | D:1      | Found a faded altar of an unknown god.
   621 | D:1      | Found Wulat's Armour Boutique.
   883 | D:1      | Reached XP level 3. HP: 23/23 MP: 6/6
   888 | D:1      | Learned a level 3 spell: Spider Form
  1260 | D:2      | Reached skill level 1 in Poison Magic
  2465 | D:2      | Reached XP level 4. HP: 28/28 MP: 3/7
  2627 | D:3      | Found a sacrificial altar of Ru.
  2629 | D:3      | Found a white marble altar of Elyvilon.
  2676 | D:3      | Found a bloodstained altar of Trog.
  3012 | D:3      | Found an opulent altar of Gozag.
  3106 | D:3      | Found a hazy altar of Hepliaklqana.
  3569 | D:3      | You fall into a shaft and drop 1 floor!
  3572 | D:4      | Noticed a phantom
  3720 | D:3      | Learned a level 1 spell: Beastly Appendage
  3749 | D:3      | Reached XP level 5. HP: 31/33 MP: 8/8
  4518 | D:1      | Bought a scroll of blinking for 97 gold pieces
  4584 | D:4      | Found a staircase to the Ecumenical Temple.
  4794 | Temple   | Entered the Ecumenical Temple
  4867 | Temple   | Became a worshipper of Cheibriados the Contemplative
  5023 | D:4      | Noticed an ogre
  5086 | D:5      | Entered Level 5 of the Dungeon
  5165 | D:5      | Noticed an ice beast
  5180 | D:5      | Killed an ice beast
  5181 | D:5      | Reached skill level 5 in Unarmed Combat
  5181 | D:5      | Reached XP level 6. HP: 38/38 MP: 7/9
  5277 | D:5      | Found an iron altar of Okawaru.
  5345 | D:5      | Reached XP level 7. HP: 29/43 MP: 7/10
  5456 | D:5      | Found Wenumafe's Antique Weapon Shop.
  5583 | D:5      | Noticed Pikel
  5759 | D:4      | Reached * piety under Cheibriados
  5847 | D:4      | Noticed Grinder
  6300 | D:5      | Reached XP level 8. HP: 39/54 MP: 8/11
  6343 | D:5      | Reached ** piety under Cheibriados
  6363 | D:5      | Learned a level 4 spell: Ice Form
  7080 | D:6      | Noticed a gargoyle
  7122 | D:6      | Killed a gargoyle
  7582 | D:6      | Reached XP level 9. HP: 49/58 MP: 9/12
  7818 | D:6      | Reached skill level 10 in Unarmed Combat
  8022 | D:6      | Found a runed translucent door.
  8023 | D:6      | Noticed Crazy Yiuf
  8226 | D:7      | Reached skill level 1 in Ice Magic
  8366 | D:7      | Reached *** piety under Cheibriados
  9653 | D:1      | Bought a scroll of blinking for 97 gold pieces
  9653 | D:1      | Bought a scroll of identify for 26 gold pieces
  9653 | D:1      | Bought a scroll of identify for 26 gold pieces
  9653 | D:1      | Bought a scroll of identify for 26 gold pieces
  9653 | D:1      | Bought a scroll of magic mapping for 97 gold pieces
  9822 | D:4      | Killed Grinder
  9841 | D:4      | Identified the +0 mace "Aqebaod" {spect, *Slow Dex+4 SInv}
 10124 | D:5      | Killed Pikel
 10306 | D:7      | Reached XP level 10. HP: 51/63 MP: 14/16
 10371 | D:8      | Noticed a centaur warrior
 10488 | D:8      | Paralysed by a hornet for 2 turns
 10694 | D:8      | Identified the +3 ring mail "Jegoosuapri" {Harm}
 10726 | D:8      | Noticed a two-headed ogre
 10737 | D:8      | Killed a two-headed ogre
 10969 | D:8      | Reached **** piety under Cheibriados
 11037 | D:8      | Reached skill level 5 in Invocations
 11349 | D:8      | Found Tygryl Vijo's Armour Shoppe.
 11648 | D:9      | Noticed a11behringer's ghost (journeyman PaBe)
 11653 | D:9      | Found a staircase to the Lair.
 11655 | D:9      | Found a runed translucent door.
 12057 | D:9      | Found a stormy altar of Qazlal.
 12177 | D:9      | Noticed a two-headed ogre
 12185 | D:9      | Killed a two-headed ogre
 12215 | D:9      | Reached XP level 11. HP: 54/68 MP: 17/17
 12409 | D:9      | Learned a level 5 spell: Blade Hands
 12411 | Lair:1   | Entered Level 1 of the Lair of Beasts
 12643 | Lair:1   | Reached skill level 5 in Fighting
 12721 | Lair:1   | Learned a level 3 spell: Frozen Ramparts
 13768 | Lair:2   | Found a hole to the Spider Nest.
 13800 | Lair:2   | Noticed a five-headed hydra
 13808 | Lair:2   | Killed a five-headed hydra
 14989 | Lair:3   | Noticed a death yak
 15005 | Lair:3   | Noticed a death yak
 15014 | Lair:3   | Killed a death yak
 15043 | Lair:3   | Noticed a death yak
 15050 | Lair:3   | Killed a death yak
 15056 | Lair:3   | Killed a death yak
 15057 | Lair:3   | Reached skill level 15 in Unarmed Combat
 15057 | Lair:3   | Reached XP level 12. HP: 76/80 MP: 18/18
 15226 | Lair:3   | Reached ***** piety under Cheibriados
 15231 | Lair:3   | Found a staircase to the Swamp.
 15486 | Lair:3   | Noticed Sonja
 15551 | Lair:3   | Identified a scroll of acquirement
 15552 | Lair:3   | Acquired 577 gold pieces
 16222 | Lair:4   | Noticed a death yak
 16226 | Lair:4   | Noticed a death yak
 16228 | Lair:4   | Noticed a death yak
 16229 | Lair:4   | Noticed a death yak
 16231 | Lair:4   | Killed a death yak
 16235 | Lair:4   | Killed a death yak
 16241 | Lair:4   | Killed a death yak
 16245 | Lair:4   | Killed a death yak
 16481 | Lair:4   | Noticed a death yak
 16481 | Lair:4   | Noticed a death yak
 16482 | Lair:4   | Noticed a death yak
 16488 | Lair:4   | Noticed a death yak
 16495 | Lair:4   | Killed a death yak
 16502 | Lair:4   | Killed a death yak
 16507 | Lair:4   | Killed a death yak
 16508 | Lair:4   | Reached XP level 13. HP: 53/84 MP: 19/19
 16764 | Lair:4   | Identified the +2 quarterstaff of Anguish {elec, rPois MP+9
                  | Str+4 Stlth+}
 17017 | Lair:5   | Entered Level 5 of the Lair of Beasts
 17086 | Lair:5   | Reached skill level 10 in Dodging
 17290 | Lair:5   | Found a staircase to the Slime Pits.
 17528 | Lair:5   | Reached ****** piety under Cheibriados
 17901 | Lair:5   | Reached skill level 10 in Invocations
 18032 | D:10     | Entered Level 10 of the Dungeon
 18144 | D:10     | Found a broken altar of Ashenzari.
 18374 | D:10     | Found a runed translucent gate.
 18374 | D:10     | Found a runed translucent gate.
 18375 | D:10     | Noticed safid's ghost (journeyman MfIE)
 18375 | D:10     | Found a runed translucent gate.
 18426 | D:10     | Found an ancient bone altar of Kikubaaqudgha.
 18586 | D:10     | Found a basalt altar of Yredelemnul.
 19018 | D:11     | Reached XP level 14. HP: 90/90 MP: 21/21
 19136 | D:11     | Found a transporter.
 19355 | D:11     | Found a transporter.
 19460 | D:12     | Found a staircase to the Orcish Mines.
 19585 | D:12     | Noticed Urug
 19593 | D:12     | Killed Urug
 20291 | D:12     | Found Ysown's Assorted Antiques.
 20299 | D:12     | Bought a bubbling pink potion for 31 gold pieces
 20299 | D:12     | Bought a scroll of identify for 70 gold pieces
 20299 | D:12     | Bought a scroll of identify for 70 gold pieces
 20299 | D:12     | Bought a scroll of blinking for 262 gold pieces
 21404 | D:13     | Noticed Kirke
 21415 | D:13     | Killed Kirke
 21529 | D:13     | Reached skill level 5 in Transmutations
 21952 | D:14     | Noticed Nessos
 21954 | D:14     | Noticed Nessos
 21954 | D:14     | Nessos changed into Nessos the cyclops
 21958 | D:14     | Killed Nessos the cyclops
 22108 | D:14     | Acquired the +1 hat of Cloud Cover {rF- Str+8 SInv Stlth-}
 22363 | D:14     | Found a white marble altar of Elyvilon.
 22410 | D:14     | Found a gate to the Vaults.
 22483 | D:14     | Noticed Rupert
 22876 | D:15     | Entered Level 15 of the Dungeon
 23696 | D:15     | Noticed a stone giant
 23706 | D:15     | Killed a stone giant
 23707 | D:15     | Reached XP level 15. HP: 101/101 MP: 24/24
 23718 | D:15     | Found a staircase to the Depths.
 24782 | Lair:5   | Identified the +0 fire dragon scales "Doka" {rF++ rC-
                  | Regen+}
 25244 | Swamp:1  | Entered Level 1 of the Swamp
 25481 | Spider:1 | Entered Level 1 of the Spider Nest
 26951 | Spider:2 | Reached XP level 16. HP: 108/108 MP: 25/25
 27099 | Spider:2 | Reached skill level 10 in Fighting
 28116 | Spider:2 | Found the +13 scythe of Curses {drain, Drain}
 30473 | Spider:4 | Entered Level 4 of the Spider Nest
 30494 | Spider:3 | Paralysed by a jorogumo for 1 turns
 30887 | Spider:4 | Reached XP level 17. HP: 61/122 MP: 16/26
 31986 | Spider:4 | Paralysed by a jorogumo for 1 turns
 32460 | Spider:4 | Got a gossamer rune of Zot
 32466 | Spider:4 | Identified the -1 barding of Gravity {*Slow rElec rPois}
 34605 | Swamp:2  | Found a runed translucent door.
 34606 | Swamp:2  | Noticed Ypsiuj's ghost (adept GnSk)
 34962 | Swamp:2  | Reached XP level 18. HP: 100/132 MP: 27/27
 34972 | Swamp:2  | Identified the +11 quarterstaff "Peyk" {freeze, rF+ rCorr
                  | Int-4 Dex+2}
 35429 | Swamp:3  | Reached skill level 15 in Fighting
 35515 | Swamp:3  | Found a frozen archway.
 35529 | IceCv    | Entered an ice cave
 37277 | Swamp:3  | Found a radiant altar of Vehumet.
 37499 | Swamp:4  | Entered Level 4 of the Swamp
 37976 | Swamp:4  | Noticed Mlioglotl
 37982 | Swamp:4  | Killed Mlioglotl
 38001 | Swamp:4  | Reached skill level 5 in Stealth
 38038 | Swamp:4  | Noticed Louise
 38284 | Orc:1    | Entered Level 1 of the Orcish Mines
 38366 | Orc:1    | Found Yviucs's Distillery.
 38446 | Orc:1    | Bought a potion of curing for 48 gold pieces
 38446 | Orc:1    | Bought a potion of curing for 48 gold pieces
 38446 | Orc:1    | Bought a potion of curing for 48 gold pieces
 38446 | Orc:1    | Bought a potion of resistance for 160 gold pieces
 38446 | Orc:1    | Bought a potion of heal wounds for 80 gold pieces
 38446 | Orc:1    | Bought a potion of might for 64 gold pieces
 38446 | Orc:1    | Bought a potion of resistance for 160 gold pieces
 38514 | Orc:2    | Entered Level 2 of the Orcish Mines
 38521 | Orc:2    | Found a transporter.
 38532 | Orc:1    | Noticed Fannar
 38537 | Orc:1    | Killed Fannar
 38648 | Orc:2    | Noticed promet's ghost (journeyman HuGl)
 38676 | Orc:2    | Found a transporter.
 39787 | Orc:2    | Found a staircase to the Elven Halls.
 39890 | Orc:2    | Found a burning altar of Makhleb.
 40109 | Orc:2    | Reached XP level 19. HP: 144/144 MP: 28/28
 40189 | Orc:2    | Found Yposhuama's Armour Emporium.
 40189 | Orc:2    | Found Jossorik's Armour Boutique.
 40190 | Orc:2    | Found Ajegg's Assorted Antiques.
 40190 | Orc:2    | Found Ekoisosa's Book Emporium.
 40207 | Orc:2    | Bought a book of Sloth for 504 gold pieces
 40214 | Orc:2    | Learned a level 6 spell: Statue Form
 40215 | Orc:2    | Bought 2 potions of magic for 480 gold pieces
 40215 | Orc:2    | Bought a potion of heal wounds for 150 gold pieces
 40215 | Orc:2    | Bought a scroll of immolation for 120 gold pieces
 40215 | Orc:2    | Bought a potion of brilliance for 120 gold pieces
 40524 | D:1      | Bought an Inescapable Atlas for 476 gold pieces
 40527 | D:1      | Learned a level 2 spell: Blink
 40877 | Vaults:1 | Entered Level 1 of the Vaults
 40999 | Vaults:1 | Reached skill level 1 in Earth Magic
 41123 | Vaults:1 | Paralysed by a great orb of eyes for 5 turns
 41512 | Vaults:1 | Reached skill level 5 in Earth Magic
 42015 | Vaults:1 | Found Doar's Antique Weapon Shoppe.
 42077 | Vaults:1 | Reached skill level 5 in Spellcasting
 42849 | Vaults:2 | Found a magical portal.
 42857 | WizLab   | Entered The Chambers of the Cloud Mage
 42902 | WizLab   | Paralysed by an air elemental for 1 turns
 43027 | WizLab   | Paralysed by an air elemental for 1 turns
 43260 | WizLab   | Paralysed by an air elemental for 1 turns
 43570 | WizLab   | Noticed Ziduch
 43573 | WizLab   | Killed Ziduch the Cloud Mage
 43590 | WizLab   | Reached XP level 20. HP: 151/151 MP: 28/33
 43611 | WizLab   | Got the Dissertation on Breath
 43652 | WizLab   | Paralysed by an air elemental for 1 turns
 43918 | Vaults:2 | Reached skill level 1 in Shields
 44304 | Vaults:2 | Reached skill level 5 in Shields
 45678 | Vaults:3 | Paralysed by a great orb of eyes for 2 turns
 45735 | Vaults:3 | Reached skill level 10 in Earth Magic
 45911 | Vaults:3 | Reached skill level 10 in Transmutations
 46017 | Vaults:3 | Reached XP level 21. HP: 156/156 MP: 30/34
 46066 | Vaults:3 | Found a staircase to the Crypt.
 46672 | Vaults:4 | Found a crumbling gateway.
 46672 | Vaults:4 | Noticed Saint Roka
 46678 | Desolati | Entered the Desolation of Salt
 46814 | Desolati | Found the +15 Maxwell's patent armour {-Cast -Tele rElec
                  | Will+ rCorr}
 46881 | Desolati | Found the +5 glaive of the Guard {elec, spectral, AC+5}
 46892 | Desolati | Identified the ring "Uficvoyr" {Drain Will+ Int+6 SInv}
 46893 | Desolati | Identified the ring of Syndicalism {rF+ Dex+6 SInv Stlth+}
 46940 | Desolati | Reached skill level 10 in Spellcasting
 46974 | Desolati | Got the Treatise on the Stormy Blizzard
 46984 | Desolati | Got Sif Muna's Encyclopedia of the Supportive Caves
 46985 | Desolati | Identified the ring of Niefisad {rC++ rN++ AC+4 Str-2}
 46990 | Desolati | Identified the +2 trident of Syxzosoe {flame, Fragile rElec
                  | rPois Dex-5}
 46991 | Desolati | Identified the +11 halberd of Rorghaof {venom, Int+9}
 47256 | Vaults:4 | Killed Saint Roka
 47787 | Vaults:4 | Noticed Mara
 47792 | Vaults:4 | Killed Mara
 48581 | Elf:1    | Entered Level 1 of the Elven Halls
 48680 | Elf:1    | Noticed Agnes
 48684 | Elf:1    | Killed Agnes
 48828 | Elf:1    | Reached XP level 22. HP: 163/163 MP: 40/40
 48978 | Elf:1    | Found Soquawn's Overcharged Wands.
 48986 | Elf:1    | Bought a wand of digging (11) for 693 gold pieces
 49194 | Elf:1    | Found Deypheon's Weapon Boutique.
 49609 | Elf:2    | Reached skill level 10 in Shields
 49694 | Elf:2    | Found a runed translucent gate.
 49695 | Elf:2    | Found a runed translucent gate.
 49695 | Elf:2    | Found a runed translucent gate.
 49820 | Elf:2    | Noticed Roxanne
 49826 | Elf:2    | Killed Roxanne
 49918 | Elf:2    | Noticed Azrael
 49921 | Elf:2    | Killed Azrael
 50460 | Elf:3    | Entered Level 3 of the Elven Halls
 50830 | Elf:3    | Found Ekaiduf's Jewellery Emporium.
 50832 | Elf:3    | Found Roceewn's Book Shop.
 50833 | Elf:3    | Found Edghodwo's Jewellery Emporium.
 50965 | Elf:3    | Noticed Aizul
 50967 | Elf:3    | Killed Aizul
 50983 | Elf:3    | Identified the +8 glaive "Juoboalo" {flame, *Noise Will-
                  | rCorr SInv}
 51288 | Elf:3    | Got the Atlas of Permutations
 51294 | Elf:3    | Got the Compilation of Shifting Unholy Secrets
 51299 | Elf:3    | Got Easy Sorcery
 51328 | Elf:3    | Learned a level 2 spell: Passwall
 51356 | Elf:3    | Identified the +4 scale mail of Uheomaux {Regen+}
 51364 | Elf:3    | Got the Volume of the Chill and Kindling
 51402 | Elf:3    | Identified the ring of Ceizy {Will+ Int+7 SInv}
 51420 | Elf:3    | Identified the +2 quarterstaff of Lixuir {freeze, rPois
                  | rF++ Dex-3 Stlth+}
 51593 | Elf:3    | Reached skill level 15 in Shields
 52294 | Swamp:4  | Reached XP level 23. HP: 169/169 MP: 41/41
 52305 | Swamp:4  | Noticed the 27-headed Lernaean hydra
 52311 | Swamp:4  | Killed the 27-headed Lernaean hydra
 52429 | Swamp:4  | Killed Louise
 52672 | Swamp:4  | Got a decaying rune of Zot
 53274 | Crypt:1  | Entered Level 1 of the Crypt
 53851 | Crypt:2  | Noticed Xtahua
 53857 | Crypt:2  | Noticed Zenata
 53858 | Crypt:2  | Killed Xtahua
 53861 | Crypt:2  | Killed Zenata
 54181 | Crypt:2  | Noticed Vv
 54186 | Crypt:2  | Killed Vv
 54808 | Crypt:3  | Entered Level 3 of the Crypt
 55220 | Crypt:3  | Found a staircase to the Tomb.
 55335 | Crypt:3  | Noticed Sojobo
 55354 | Crypt:3  | Killed Sojobo
 55458 | Crypt:3  | Found a basalt altar of Yredelemnul.
 55642 | Crypt:3  | Reached XP level 24. HP: 175/175 MP: 41/41
 55684 | Crypt:3  | Got the Treatise on Darkness
 55695 | Crypt:3  | Identified the +8 great mace of Articulation {protect, rN+}
 55701 | Crypt:3  | Identified the +7 dagger of Kindness {spect, Int+3}
 56517 | Crypt:3  | Learned a level 4 spell: Corpse Rot
 56524 | Crypt:3  | Learned a level 6 spell: Death Channel
 56723 | Vaults:5 | Entered Level 5 of the Vaults
 56729 | Vaults:5 | Reached skill level 1 in Necromancy
 56746 | Vaults:5 | Reached skill level 5 in Necromancy
 56777 | Vaults:5 | Noticed a dread lich
 56780 | Vaults:5 | Killed a dread lich
 56790 | Vaults:5 | Paralysed by a floating eye for 4 turns
 56995 | Vaults:5 | Identified the +2 leather armour "Jethuaqau" {Contam rF+
                  | rC++}
 57019 | Vaults:5 | Found the +3 giant club "Skullcrusher" {speed, Str+7}
 57058 | Vaults:5 | Noticed a dread lich
 57064 | Vaults:5 | Killed a dread lich
 57208 | Vaults:5 | Reached XP level 25. HP: 185/185 MP: 41/41
 57279 | Vaults:5 | Identified the +2 hand axe of Veroacel {vorpal, rF++ Dex+2}
 57283 | Vaults:5 | Got a silver rune of Zot
 57290 | Vaults:5 | Got the Anthology of Ignition and Traumaturgy
 57674 | Vaults:5 | Noticed a dread lich
 57681 | Vaults:5 | Killed a dread lich
 57966 | Vaults:5 | Learned a level 4 spell: Airstrike
 58143 | Depths:1 | Entered Level 1 of the Depths
 58150 | Depths:1 | Reached skill level 1 in Air Magic
 58203 | Depths:1 | Found a stormy altar of Qazlal.
 58292 | Depths:1 | Acquired the ring "Xosa" {rPois rC- rCorr Str+8}
 58345 | Depths:1 | Found a one-way gate leading to the halls of Pandemonium.
 58456 | Depths:1 | Identified the +0 ring mail of Birdsong {rElec rN+ Int+2
                  | Slay-3}
 58826 | Depths:2 | Reached skill level 5 in Air Magic
 59111 | Depths:2 | Found a gateway to Hell.
 59149 | Depths:2 | Found Aredd's Antique Armour Emporium.
 59277 | Depths:2 | Reached skill level 10 in Air Magic
 60040 | Depths:2 | Identified the ring of Ytoisete {rF+ rN+ rCorr Str-5 Dex+2}
 60485 | Depths:3 | Found a one-way gate to the infinite horrors of the Abyss.
 60553 | Depths:3 | Found Eggeil's Antique Armour Boutique.
 60594 | Depths:3 | Noticed an ancient lich
 60600 | Depths:3 | Killed an ancient lich
 60613 | Depths:3 | Identified the +7 spear "Etzel" {venom, *Rage MP+9 Str+6}
 60629 | Depths:3 | Identified the +0 leather armour of the Armadillo {Harm
                  | rF++ rCorr Dex-2}
 60647 | Depths:3 | Reached skill level 15 in Dodging
 60809 | Depths:3 | Got the Compilation of Guile
 60828 | Depths:3 | Reached XP level 26. HP: 194/194 MP: 41/41
 60840 | Depths:3 | Identified the +1 pearl dragon scales "Raudaekk" {rF+ rN+
                  | Dex+3}
 61061 | Depths:3 | Found a sparkling altar of Nemelex Xobeh.
 61148 | Depths:4 | Entered Level 4 of the Depths
 61566 | D:9      | Killed a11behringer's ghost
 61576 | D:9      | Got the Commentary on Geology
 61587 | D:9      | Learned a level 9 spell: Shatter
 61589 | D:9      | Learned a level 1 spell: Apportation
 61789 | Depths:3 | Learned a level 8 spell: Necromutation
 61885 | Depths:4 | Found a bloodstained altar of Trog.
 61885 | Depths:4 | Found a bloodstained altar of Trog.
 61886 | Depths:4 | Found a white marble altar of Elyvilon.
 62224 | Depths:4 | Identified the +1 robe of the Weaver {rN++ Str+2 Int+2}
 62293 | Depths:4 | Got the Compendium of Geological Ignition
 62294 | Depths:4 | Identified the +1 leather armour of Kiuzxig {Regen+}
 62312 | Depths:4 | Identified the +8 mace "Concordance" {vorpal, rC+}
 62463 | Depths:4 | Reached skill level 15 in Earth Magic
 62524 | Depths:4 | Found a gate to the Realm of Zot.
 62591 | Depths:4 | Found a one-way gateway to a ziggurat.
 63093 | Slime:1  | Entered Level 1 of the Pits of Slime
 63201 | Slime:4  | Noticed Dissolution
 63205 | Slime:4  | Killed Dissolution
 63293 | Slime:4  | Reached XP level 27. HP: 199/199 MP: 41/41
 63458 | Slime:5  | Entered Level 5 of the Pits of Slime
 63481 | Slime:5  | Gained mutation: You occasionally lose the ability to read
                  | scrolls when taking damage. [a shining eye]
 63488 | Slime:4  | Lost mutation: You occasionally lose the ability to read
                  | scrolls when taking damage. [potion of mutation]
 63488 | Slime:4  | Gained mutation: You occasionally lose the ability to read
                  | scrolls when taking damage. [potion of mutation]
 63488 | Slime:4  | Gained mutation: You possess an exceptional clarity of
                  | mind. [potion of mutation]
 63491 | Slime:5  | Lost mutation: You possess an exceptional clarity of mind.
                  | [potion of mutation]
 63491 | Slime:5  | Lost mutation: You occasionally lose the ability to read
                  | scrolls when taking damage. [potion of mutation]
 63491 | Slime:5  | Gained mutation: Your flesh is cold resistant. (rC+)
                  | [potion of mutation]
 63491 | Slime:5  | Gained mutation: You are partially covered in iridescent
                  | scales. (AC +2) [potion of mutation]
 63525 | Slime:5  | Noticed the Royal Jelly
 63534 | Slime:5  | Killed the Royal Jelly
 63968 | Slime:5  | Got the Compendium of Frigorific Black Mysteries
 63986 | Slime:5  | Found the -2 hat of the Alchemist {rElec rPois rF+ rC+ rN+
                  | Will+ rMut rCorr}
 64040 | Slime:5  | Got a slimy rune of Zot
 64054 | Slime:5  | Identified the +1 robe "Taanly" {Str+2 Archmagi}
 64475 | Depths:3 | Voluntarily entered the Abyss.
 64723 | Abyss:3  | Got an abyssal rune of Zot
 64732 | Abyss:3  | Reached skill level 10 in Stealth
 64851 | Abyss:3  | Found a corrupted altar of Lugonu.
 64875 | Depths:3 | Escaped the Abyss
 65014 | Zot:1    | Entered Level 1 of the Realm of Zot
 65023 | Zot:1    | Noticed an orb of fire
 65032 | Zot:1    | Killed an orb of fire
 65675 | Orc:2    | Killed promet's ghost
 65925 | Swamp:2  | Killed Ypsiuj's ghost
 66013 | Lair:3   | Killed Sonja
 66153 | D:10     | Identified the +10 long sword "Taegheth" {drain, Will+}
 66197 | D:10     | Killed safid's ghost
 66315 | D:11     | Identified the +7 whip "Ecre" {venom, Str+6 Dex+5 SInv}
 66450 | D:14     | Killed Rupert
 66818 | D:1      | Bought a scroll of enchant armour for 97 gold pieces
 66859 | D:1      | Bought a potion of resistance for 290 gold pieces
 69745 | Zot:3    | You fall into a shaft and drop 1 floor!
 70207 | Zot:4    | Identified the ring of Lolishraq {Ice Fly}
 70207 | Zot:4    | Noticed Josephina
 70214 | Zot:4    | Killed Josephina
 71075 | Zot:5    | Entered Level 5 of the Realm of Zot
 71470 | Zot:5    | Noticed a dread lich
 71471 | Zot:5    | Noticed a dread lich
 71472 | Zot:5    | Killed a dread lich
 71473 | Zot:5    | Noticed a dread lich
 71473 | Zot:5    | Noticed an orb of fire
 71477 | Zot:5    | Killed a dread lich
 71478 | Zot:5    | Killed an orb of fire
 71479 | Zot:5    | Killed a dread lich
 71494 | Zot:5    | Noticed an orb of fire
 71496 | Zot:5    | Reached skill level 27 in Unarmed Combat
 71497 | Zot:5    | Noticed a dread lich
 71497 | Zot:5    | Noticed an orb of fire
 71500 | Zot:5    | Killed an orb of fire
 71500 | Zot:5    | Gained mutation: Your magical capacity is low. (-10% MP)
                  | [an orb of fire]
 71507 | Zot:5    | Killed an orb of fire
 71509 | Zot:5    | Noticed an ancient lich
 71509 | Zot:5    | Noticed a dread lich
 71510 | Zot:5    | Killed a dread lich
 71510 | Zot:5    | Noticed an ancient lich
 71519 | Zot:5    | Killed an ancient lich
 71523 | Zot:5    | Killed an ancient lich
 71527 | Zot:5    | Killed a dread lich
 71646 | Zot:5    | Noticed a dread lich
 71651 | Zot:5    | Killed a dread lich
 71908 | Zot:5    | Learned a level 2 spell: Sublimation of Blood
 72234 | Pan      | Entered Pandemonium
 72234 | Pan      | Found a transporter.
 72556 | Pan      | Noticed Luhempu the pandemonium lord
 72572 | Pan      | Killed Luhempu the pandemonium lord
 73027 | Pan      | Learned a level 3 spell: Lesser Beckoning
 73087 | Pan      | Reached skill level 1 in Translocations
 73098 | Pan      | Entered the realm of Cerebov.
 73522 | Pan      | Identified the amulet of Diklaok {Reflect Int+4 SH+5}
 73525 | Pan      | Identified the +9 giant spiked club "Hyatuic" {freeze,
                  | Will+}
 73567 | Pan      | Identified the +1 robe "Izxom" {+Blink Will- Str+4 Dex+3}
 73579 | Pan      | Found the +6 sword of Cerebov {flame}
 73579 | Pan      | Noticed Cerebov
 73590 | Pan      | Killed Cerebov
 73591 | Pan      | Reached skill level 5 in Translocations
 73633 | Pan      | Got a fiery rune of Zot
 73735 | Pan      | Noticed Fihaan Ame the pandemonium lord
 73746 | Pan      | Killed Fihaan Ame the pandemonium lord
 73901 | Pan      | Noticed Nurunari the pandemonium lord
 73905 | Pan      | Killed Nurunari the pandemonium lord
 73943 | Pan      | Got a demonic rune of Zot
 73965 | Pan      | Entered the realm of Lom Lobon.
 74460 | Pan      | Got a magical rune of Zot
 74549 | Pan      | Noticed Sunot the pandemonium lord
 74553 | Pan      | Killed Sunot the pandemonium lord
 74616 | Depths:2 | Escaped Pandemonium
 74618 | Pan      | Entered the realm of Mnoleg.
 74618 | Pan      | Entered Pandemonium
 74628 | Pan      | Gained mutation: One of your tentacles bears a spike. [a
                  | neqoxec]
 74643 | Pan      | Gained mutation: You are clumsy. (Dex -2) [a cacodemon]
 74654 | Pan      | Gained mutation: You occasionally lose the ability to drink
                  | potions when taking damage. [a shining eye]
 74655 | Pan      | Noticed Mnoleg
 74660 | Pan      | Killed Mnoleg
 74688 | Pan      | Gained mutation: You are weak. (Str -2) [a shining eye]
 74710 | Pan      | Got a glowing rune of Zot
 74770 | Pan      | Lost mutation: You occasionally lose the ability to drink
                  | potions when taking damage. [potion of mutation]
 74770 | Pan      | Lost mutation: You are clumsy. (Dex -2) [potion of
                  | mutation]
 74770 | Pan      | Gained mutation: You are agile. (Dex +4, Str/Int -1)
                  | [potion of mutation]
 74770 | Pan      | Gained mutation: Your skin blends seamlessly with your
                  | surroundings (Stealth++). [potion of mutation]
 74770 | Pan      | Gained mutation: You are very weak. (Str -4) [potion of
                  | mutation]
 74770 | Pan      | Gained mutation: You are resistant to electric shocks.
                  | (rElec) [potion of mutation]
 74786 | Pan      | Entered the realm of Gloorx Vloq.
 74964 | Pan      | Found an exit through the horrors of the Abyss.
 75018 | Pan      | Noticed Gloorx Vloq
 75023 | Pan      | Killed Gloorx Vloq
 75044 | Pan      | Got a dark rune of Zot
 75068 | Pan      | Took an exit into the Abyss.
 75068 | Abyss:3  | Escaped into the Abyss
 75074 | Depths:2 | Escaped the Abyss
 75116 | Hell     | Entered the Vestibule of Hell
 75116 | Hell     | Noticed Geryon
 75123 | Hell     | Killed Geryon
 75125 | Hell     | Noticed Murray
 75139 | Depths:2 | Killed Murray
 75289 | Hell     | Found a gateway to the ashen valley of Gehenna.
 75316 | Geh:1    | Entered Level 1 of Gehenna
 75396 | Geh:2    | Reached skill level 27 in Fighting
 75406 | Geh:2    | Found a huge runed gate.
 75406 | Geh:2    | Found a huge runed gate.
 75406 | Geh:2    | Found a huge runed gate.
 75406 | Geh:2    | Found a huge runed gate.
 75406 | Geh:2    | Found a huge runed gate.
 75406 | Geh:2    | Found a huge runed gate.
 75406 | Geh:2    | Found a huge runed gate.
 75406 | Geh:2    | Found a huge runed gate.
 75406 | Geh:2    | Found a huge runed gate.
 75408 | Geh:2    | Found a huge runed gate.
 75413 | Geh:2    | Found a huge runed gate.
 75413 | Geh:2    | Found a huge runed gate.
 75413 | Geh:2    | Found a huge runed gate.
 75493 | Geh:4    | Noticed an ancient lich
 75501 | Geh:4    | Killed an ancient lich
 75545 | Geh:7    | Entered Level 7 of Gehenna
 75565 | Geh:7    | Reached skill level 10 in Necromancy
 75781 | Geh:7    | Identified the +9 hand axe "Mitamm" {drain, rPois Will+
                  | Str+4}
 75804 | Geh:7    | Found the +7 sceptre of Asmodeus
 75804 | Geh:7    | Noticed Asmodeus
 75815 | Geh:7    | Killed Asmodeus
 75821 | Geh:7    | Got an obsidian rune of Zot
 75972 | Hell     | Found a gateway to the Iron City of Dis.
 76001 | Dis:1    | Entered Level 1 of the Iron City of Dis
 76169 | Dis:6    | Noticed an ancient lich
 76174 | Dis:6    | Killed an ancient lich
 76341 | Dis:7    | Entered Level 7 of the Iron City of Dis
 76592 | Dis:7    | Noticed the Serpent of Hell
 76617 | Dis:7    | Killed the Serpent of Hell
 76682 | Dis:7    | Noticed a juggernaut
 76688 | Dis:7    | Killed a juggernaut
 76689 | Dis:7    | Reached skill level 15 in Invocations
 76692 | Dis:7    | Found the +4 staff of Dispater
 76692 | Dis:7    | Noticed Dispater
 76700 | Dis:7    | Killed Dispater
 76716 | Dis:7    | Got an iron rune of Zot
 76719 | Dis:7    | Got the Catalogue of Morbid Mustering
 76830 | Hell     | Found a gateway to the freezing wastes of Cocytus.
 77059 | Orc:2    | Bought Great Wizards, Vol. VII for 420 gold pieces
 77064 | Orc:2    | Learned a level 4 spell: Passage of Golubria
 77314 | Coc:1    | Entered Level 1 of Cocytus
 77397 | Coc:2    | You are sucked into a shaft and drop 2 floors!
 77429 | Coc:4    | Paralysed by a wendigo for 1 turns
 77449 | Coc:4    | Reached skill level 15 in Transmutations
 77462 | Coc:5    | Paralysed by a wendigo for 1 turns
 77952 | Coc:6    | Reached skill level 15 in Necromancy
 77986 | Coc:7    | Entered Level 7 of Cocytus
 78177 | Coc:7    | Reached skill level 15 in Spellcasting
 78435 | Coc:7    | Noticed Antaeus
 78532 | Coc:7    | Killed Antaeus
 78617 | Coc:7    | Got an icy rune of Zot
 78624 | Coc:7    | Got the Papyrus of the Geological Jaunt
 78662 | Coc:7    | Acquired a There-And-Back Book
 78728 | Hell     | Found a gateway to the decaying netherworld of Tartarus.
 78739 | Tar:1    | Entered Level 1 of Tartarus
 78745 | Tar:1    | Noticed an ancient lich
 78751 | Tar:1    | Killed an ancient lich
 78768 | Tar:1    | Noticed a royal mummy
 78768 | Tar:1    | Noticed a royal mummy
 78771 | Tar:1    | Killed a royal mummy
 78776 | Tar:1    | Killed a royal mummy
 79145 | Tar:3    | You fall into a shaft and drop 2 floors!
 79265 | Tar:7    | Entered Level 7 of Tartarus
 79580 | Tar:7    | Identified the ring of Fethi {+Blink rElec Int+6 Dex+2
                  | SInv}
 79679 | Tar:7    | Found the +8 frozen axe "Frostbite" {freezing cloud, *Noise
                  | Fly rC+}
 79707 | Tar:7    | Identified the ring "Mir Erus" {+Blink rElec rPois rF+
                  | Int-4}
 79716 | Tar:7    | Identified the ring "Ahiockea" {MP+9 Int-4 Dex+4 SInv}
 79717 | Tar:7    | Identified the +6 arbalest of Descent {elec, Int-5 Dex+5}
 79720 | Tar:7    | Identified the amulet of Anywkats {Reflect rCorr SH+5}
 79754 | Tar:7    | Identified the amulet of Lounker {Faith +Inv rPois rC+++
                  | Int-4}
 79769 | Tar:7    | Identified the +5 spear of Wyrd {vorpal, rF- Int+6}
 79774 | Tar:7    | Identified the +5 great sword of Embarrassment {venom,
                  | rPois MP+9 Str+4 Stlth-}
 79917 | Tar:7    | Noticed Ereshkigal
 79926 | Tar:7    | Killed Ereshkigal
 79933 | Tar:7    | Got a bone rune of Zot
 80359 | Tomb:1   | Entered Level 1 of the Tomb of the Ancients
 80650 | Tomb:1   | Noticed a royal mummy
 80655 | Tomb:1   | Killed a royal mummy
 80662 | Tomb:1   | Noticed a royal mummy
 80667 | Tomb:1   | Killed a royal mummy
 80770 | Crypt:3  | Lost mutation: Your flesh is cold resistant. (rC+) [potion
                  | of mutation]
 80770 | Crypt:3  | Lost mutation: You are agile. (Dex +4, Str/Int -1) [potion
                  | of mutation]
 80770 | Crypt:3  | Gained mutation: Your natural rate of healing is unusually
                  | fast. [potion of mutation]
 80770 | Crypt:3  | Gained mutation: You are somewhat resistant to further
                  | mutation. [potion of mutation]
 80770 | Crypt:3  | Gained mutation: One of your tentacles bears a nasty spike.
                  | [potion of mutation]
 81898 | Tomb:1   | Noticed a royal mummy
 81900 | Tomb:1   | Killed a royal mummy
 81906 | Tomb:1   | Noticed a royal mummy
 81910 | Tomb:1   | Killed a royal mummy
 81916 | Tomb:1   | Noticed a royal mummy
 81919 | Tomb:1   | Killed a royal mummy
 81921 | Tomb:1   | Noticed a royal mummy
 81924 | Tomb:1   | Killed a royal mummy
 81924 | Tomb:1   | Noticed a royal mummy
 81926 | Tomb:1   | Killed a royal mummy
 81968 | Tomb:1   | Noticed a royal mummy
 81980 | Tomb:1   | Killed a royal mummy
 82044 | Tomb:1   | Noticed a royal mummy
 82053 | Tomb:1   | Killed a royal mummy
 82056 | Tomb:1   | Noticed a royal mummy
 82059 | Tomb:1   | Killed a royal mummy
 82150 | Tomb:1   | Noticed a royal mummy
 82155 | Tomb:1   | Killed a royal mummy
 82235 | Tomb:1   | Noticed a royal mummy
 82247 | Tomb:1   | Killed a royal mummy
 82248 | Tomb:1   | Noticed a royal mummy
 82253 | Tomb:1   | Killed a royal mummy
 82275 | Tomb:1   | Noticed a royal mummy
 82280 | Tomb:1   | Killed a royal mummy
 82596 | Tomb:1   | Noticed a royal mummy
 82600 | Tomb:1   | Killed a royal mummy
 82822 | Tomb:2   | Noticed a royal mummy
 82824 | Tomb:2   | Noticed a royal mummy
 82824 | Tomb:2   | Noticed a royal mummy
 82824 | Tomb:2   | Noticed a royal mummy
 82825 | Tomb:2   | Noticed a royal mummy
 82826 | Tomb:2   | Killed a royal mummy
 82827 | Tomb:2   | Killed a royal mummy
 82827 | Tomb:2   | Killed a royal mummy
 82828 | Tomb:2   | Killed a royal mummy
 82832 | Tomb:2   | Killed a royal mummy
 83115 | Tomb:3   | Entered Level 3 of the Tomb of the Ancients
 83122 | Tomb:3   | Noticed a royal mummy
 83125 | Tomb:3   | Killed a royal mummy
 83130 | Tomb:3   | Noticed a royal mummy
 83131 | Tomb:3   | Noticed a royal mummy
 83135 | Tomb:3   | Noticed a royal mummy
 83141 | Tomb:3   | Got a golden rune of Zot
 83886 | Zot:5    | Got the Orb of Zot
 84580 | D:$      | Escaped with the Orb!

Illustrated notes

Levels and vault maps discovered:
D:1:      giann_horns, layout_basic, ebering_ecumenical_altar_abandoned,
          serial_shops, shop_statue, shop, shop, shop, minmay_misc_feat_hallway,
          minmay_tripent
D:2:      layout_basic
D:3:      layout_basic, old_standard_altar, mainiacjoe_overflow_alcove_1,
          mainiacjoe_overflow_surrounded_room, nicolae_overflow_hidden_temple,
          minmay_misc_feat_plants, chequers_serial_rivers_large_b
D:4:      layout_cave_pods, minmay_temple_entry_fiery, serial_undead,
          serial_undead_d, serial_undead_c, serial_undead_b, serial_undead_b,
          uniq_grinder
D:5:      layout_cave_pods, okawaru_altar_gauntlet_db, serial_shops,
          nicolae_shop_hallway_stairs, minmay_stone_trees_medium, uniq_pikel
D:6:      layout_basic, minmay_manual_moon, uniq_crazy_yiuf_cottage
D:7:      layout_basic
D:8:      hangedman_cross_stitches, layout_loops_ring, serial_shops, shop
D:9:      layout_roguey, mainiacjoe_overflow_paths, lair_entry_dummy,
          hellmonk_ghost_big_iron
D:10:     layout_loops_ring, cheibrodos_ashenzari_chains,
          mainiacjoe_overflow_brackets, tgw_kikubaaqudgha,
          gammafunk_ghost_nasty_kobolds, serial_glass, glass_columns_a,
          glass_columns_b, glass_columns_a, glass_columns_c, glass_columns_b,
          glass_columns_a, glass_columns_a, glass_columns_b, glass_columns_a,
          glass_columns_b, glass_columns_a, glass_columns_c, glass_columns_a,
          glass_columns_b, onia_ninara_dug_in_and_dangerous
D:11:     gammafunk_wand_slinger, layout_loops_ring
D:12:     layout_rooms, david_orc_2, serial_shops, shop,
          kennysheep_generic_room_15, uniq_urug
D:13:     layout_loops_corners, uniq_kirke
D:14:     layout_basic, erik_vaults_1, nicolae_elyvilon_peaceful_grove,
          uniq_nessos, uniq_rupert
D:15:     grunt_enter_depths_snipers, layout_small_grid, nicolae_eternal_life
Temple:   hellmonk_temple_forest_ring
Lair:1:   layout_roguey, minivault_26
Lair:2:   layout_cave_pods, hellmonk_spider_entry_not_the_bees
Lair:3:   layout_gridlike, swamp_mist, beast_lair_carwin_7, uniq_sonja
Lair:4:   layout_loops_ring, grunt_megastairs_2, lemuel_fruit_tree
Lair:5:   evilmike_catoblepas_cave, layout_cave_shapes, dpeg_slime_entry_corner,
          st_stairs_11, lemuel_fruit_fields
Swamp:1:  layout_basic_swamp, nicolae_swamp_tree_designs
Swamp:2:  layout_falls_marsh, ebering_ghost_reflecting_pool,
          evilmike_swamp_ruin_house_3, swamp_pool4
Swamp:3:  layout_falls_marsh, portal_ice_cave_entry_pillars_2,
          lemuel_altar_in_water2
Swamp:4:  swamp_old_school, layout_basic_swamp, swamp_pool5,
          infiniplex_staircase_pool, uniq_mlioglotl, uniq_louise
Spider:1: layout_spider_delve
Spider:2: layout_spider_delve, nicolae_orb_stairs
Spider:3: layout_spider_delve, nicolae_spider_not_touching_you
Spider:4: floodkiller_spider_rune_tomb, nicolae_spider_eight_legs
Slime:1:  layout_caves
Slime:2:  layout_caves, special_room [special_room_jelly]
Slime:3:  layout_caves
Slime:4:  layout_caves, dissolution_awaits
Slime:5
Orc:1:    layout_diamond_mine, serial_shops, shop, special_room
          [special_room_kobold], uniq_fannar
Orc:2:    st_orc_ogre_mass, layout_caves, gammafunk_ghost_stat_death,
          basic_altar
Elf:1:    elf_arrival_001, layout_loops_corners, serial_shops,
          nicolae_square_shop, hangedman_elf_represent,
          nicolae_shop_overcharged_wands, uniq_agnes
Elf:2:    nicolae_elf_blades_crystal_corner, layout_gridlike, uniq_roxanne,
          uniq_azrael
Elf:3:    minmay_elf_hall, layout_loops_corners, kennysheep_underground_church,
          minmay_shop_grove, uniq_aizul
Vaults:1: v_pattern_4, v_rooms_1, nicolae_vaults_little_squares_1, v_rooms_3,
          nicolae_vaults_border_crossing, st_cross, vaults_dpeg_ring,
          nicolae_vaults_little_squares_4, nicolae_vaults_mini_display_case,
          layout_vaults_omnigrid, serial_shops, shop_fountains
Vaults:2: infiniplex_enter_wizlab_spiral, nicolae_vaults_good_morning_starshine,
          vaults_room_large_hall, ontoclasm_vaults_ring_square,
          nicolae_vaults_arrows, dpeg_vaults_monster_row, v_alt_pattern_6,
          nicolae_vaults_little_squares_1, nicolae_vaults_back_hallway,
          ontoclasm_vaults_ring_square, v_misc_13, layout_vaults_maze
Vaults:3: vaults_dpeg_diagonal, vaults_room_glass_cross,
          ontoclasm_vaults_decontamination, nicolae_vaults_puzzle_piece,
          nicolae_vaults_ninety_degrees, minmay_crypt_entry_vampire_xt,
          v_misc_15, vaults_room_hallway, ontoclasm_vaults_eye,
          layout_vaults_omnibox
Vaults:4: portal_desolation_entry_garden, v_misc_11,
          nicolae_vaults_network_quincunx
          [nicolae_vaults_network_quincunx_subvault,
          nicolae_vaults_network_quincunx_subvault,
          nicolae_vaults_network_quincunx_subvault,
          nicolae_vaults_network_quincunx_subvault,
          nicolae_vaults_network_quincunx_subvault], st_cells,
          vaults_dpeg_doors, v_misc_30, hangedman_vaults_capsules,
          hangedman_vaults_trim, vaults_mumra_chevron_long, v_misc_10,
          layout_vaults_omnicross, uniq_mara, uniq_saint_roka, uniq_margery
Vaults:5
Crypt:1:  layout_rooms, palyth_stone_intersect
Crypt:2:  layout_basic, grunt_megastairs_1, uniq_vv, uniq_zenata, uniq_xtahua
Crypt:3:  evilmike_haunted_forest, uniq_sojobo
Tomb:1
Tomb:2
Tomb:3
Depths:1: layout_gridville, hellmouth_1, pan_entry, skrybe_limestone_x,
          grunt_ministairs_11, grunt_qazlal_clouds,
          roderic_lattice_octagonal_star, infiniplex_staircase_pool_lava,
          serial_bayou_shore_b
Depths:2: minmay_two_paths, layout_honeycomb, hangedman_coc_ice_floe,
          rand_demon_pan_entry_8, minmay_shop_star,
          infiniplex_staircase_trident, serial_bayou_shore_b
Depths:3: minmay_fractal_lines_corner, layout_cave_pools, grunt_metal_band,
          abyss_entry, serial_shops, shop, lemuel_statue_altar
Depths:4: hangedman_slaughterboxes, hell_entry
Hell
Dis:1:    layout_subdivisions
Dis:2:    layout_subdivisions, minmay_strange_pillars
Dis:3:    layout_subdivisions
Dis:4:    layout_regular_city, evilmike_ambush [evilmike_ambush_outer_basic,
          evilmike_ambush_inner_cross]
Dis:5:    layout_subdivisions
Dis:6:    nicolae_dis_pentagon_1, layout_gridville
Dis:7:    dis_st
Geh:1:    layout_gehenna_pools_triple
Geh:2:    layout_gehenna_pools_triple, door_vault
Geh:3:    layout_gehenna_pools_triple
Geh:4:    layout_gehenna_lava_caves
Geh:5:    layout_gehenna_lava_caves
Geh:6:    layout_gehenna_pools_triple
Geh:7:    geh_grunt
Coc:1:    layout_ice_bergs, nicolae_coc_kraken_the_ice
Coc:2:    layout_cocytus_water_paths
Coc:3:    layout_ice_bergs
Coc:4:    nicolae_coc_through_the_icewall, layout_cocytus_delve
Coc:5:    layout_cocytus_water_paths
Coc:6:    layout_ice_bergs
Coc:7:    coc_old
Tar:1:    hangedman_restless_catacombs
Tar:2:    layout_catacombs
Tar:3:    layout_grid_maze, nicolae_tar_four_comb_rooms
Tar:5:    layout_cathedral_of_symmetry
Tar:6:    layout_grid_maze
Tar:7:    tar_mu [tar_mu_maze]
Zot:1:    layout_onion_interference, skrybe_zot_glass_3
Zot:2:    lemuel_acid_trip, layout_cathedral_of_symmetry
Zot:3:    layout_onion_interference
Zot:4:    layout_gridlike, uniq_josephina
Zot:5:    layout_basic

Skill      XL: |  1  2  3  4  5  6  7  8  9 10 11 12 13 14 15 16 17 18 19 20 21 22 23 24 25 26 27 |
---------------+----------------------------------------------------------------------------------+-----
Stealth        | 1 8 11 | 11.1
Transmutations | 3 5 7 10 11 16 | 16.4
Poison Magic   | 2 4 |  4.0
Unarmed Combat | 5 6 9 10 12 15 17 18 19 21 22 24 25 27 | 27.0
Fighting       | 3 6 9 13 14 17 18 19 27 | 27.0
Ice Magic      | 2 |  2.9
Spellcasting   | 4 9 14 22 | 22.1
Dodging        | 6 7 10 13 15 19 | 19.6
Invocations    | 5 10 13 15 | 15.0
Earth Magic    | 7 10 11 16 22 | 22.1
Shields        | 6 8 15 22 | 22.3
Necromancy     | 9 15 | 15.3
Air Magic      | 13 | 13.4
Translocations | 8 |  8.7

Action                   |  1- 3 |  4- 6 |  7- 9 | 10-12 | 13-15 | 16-18 | 19-21 | 22-24 | 25-27 || total
-------------------------+-------+-------+-------+-------+-------+-------+-------+-------+-------++-------
Melee: Unarmed           |    75 |    93 |   228 |   272 |   507 |   838 |   659 |   637 |  2692 ||  6001
       Constrict         |    19 |     6 |     7 |     3 |     6 |     3 |    85 |   118 |   409 ||   656
       Tentacles         |    14 |     6 |     4 |     3 |    10 |     2 |   123 |   162 |   685 ||  1009
       Kick              |     5 |       |       |       |       |       |       |       |   559 ||   564
       Punch             |       |     2 |     2 |     2 |     1 |       |    77 |    97 |   610 ||   791
 Fire: Sling             |    29 |    29 |     7 |    31 |    10 |     5 |       |       |       ||   111
Throw: Stone             |     6 |       |       |       |    13 |     2 |     3 |       |       ||    24
 Cast: Beastly Appendage |    10 |     1 |       |       |       |       |     1 |       |       ||    12
       Spider Form       |     3 |    12 |    26 |    12 |       |       |     3 |       |       ||    56
       Wereblood         |       |     1 |       |       |       |       |     1 |     4 |    89 ||    95
       Ice Form          |       |       |     4 |    31 |    70 |    99 |     9 |       |       ||   213
       Frozen Ramparts   |       |       |       |     3 |       |       |       |       |       ||     3
       Blade Hands       |       |       |       |       |     2 |       |       |       |       ||     2
       Statue Form       |       |       |       |       |       |       |    74 |    65 |   243 ||   382
       Blink             |       |       |       |       |       |       |     1 |     1 |    17 ||    19
       Death Channel     |       |       |       |       |       |       |       |     1 |       ||     1
       Corpse Rot        |       |       |       |       |       |       |       |     1 |       ||     1
       Airstrike         |       |       |       |       |       |       |       |       |     8 ||     8
       Lesser Beckoning  |       |       |       |       |       |       |       |       |    29 ||    29
       Shatter           |       |       |       |       |       |       |       |       |    23 ||    23
       Apportation       |       |       |       |       |       |       |       |       |    22 ||    22
       Passwall          |       |       |       |       |       |       |       |       |    16 ||    16
       Necromutation     |       |       |       |       |       |       |       |       |     9 ||     9
       Passage of Golubr |       |       |       |       |       |       |       |       |     2 ||     2
Invok: Slouch            |       |       |       |     1 |     7 |    17 |     6 |    10 |    37 ||    78
       Temporal Distorti |       |       |       |       |     5 |    11 |    10 |     7 |    53 ||    86
       Step From Time    |       |       |       |       |       |     2 |     1 |       |     3 ||     6
       Bend Time         |       |       |       |       |       |       |       |       |     2 ||     2
 Abil: End Transformatio |       |     2 |       |     5 |     3 |     6 |     7 |       |     3 ||    26
Evoke: Wand              |       |       |       |     3 |     5 |    19 |       |     1 |    19 ||    47
       Condenser vane    |       |       |       |       |       |       |       |     1 |     3 ||     4
  Use: Scroll            |     4 |     1 |    13 |     9 |     6 |    10 |     4 |     5 |    33 ||    85
       Potion            |     1 |     1 |     5 |     5 |     3 |     8 |     1 |       |    23 ||    47
 Stab: Sleeping          |     3 |     4 |     4 |     1 |     2 |     2 |    18 |     8 |    47 ||    89
       Invisible         |       |       |       |       |     4 |       |       |       |       ||     4
       Petrified         |       |       |       |       |     4 |       |       |       |       ||     4
       Distracted        |       |       |       |       |     1 |     2 |     2 |     7 |    21 ||    33
       Petrifying        |       |       |       |       |     1 |       |       |       |       ||     1
       Confused          |       |       |       |       |       |     1 |       |     7 |     3 ||    11
Armor: Skin              |     6 |    21 |    33 |    25 |   105 |   114 |   138 |   140 |   564 ||  1146
Dodge: Dodged            |    32 |    75 |   165 |   144 |   387 |   692 |   651 |   539 |  2851 ||  5536
Block: Buckler           |       |       |       |       |       |       |   146 |    97 |       ||   243
       Kite shield       |       |       |       |       |       |       |       |   495 |  3491 ||  3986
